 Dungeon Crawl Stone Soup version 0.25.1-2-g60ff931df9 (webtiles) character file.

Game seed: 6561163237615075787

200658 Fallenstar the Severer (level 17, -18/159 HPs)
             Began as a Minotaur Fighter on Sept 17, 2020.
             Was the Champion of Okawaru.
             Killed from afar by a wizard (26 damage)
             ... with a bolt of lightning
             ... on level 1 of the Elven Halls on Sept 18, 2020.
             The game lasted 02:47:52 (37780 turns).

Fallenstar the Severer (Minotaur Fighter)          Turns: 37780, Time: 02:47:54

Health: -18/159    AC: 33    Str: 30    XL:     17   Next: 88%
Magic:  16/18      EV: 11    Int:  8    God:    Okawaru [******]
Gold:   6587       SH: 21    Dex: 15    Spells: 16/16 levels left

rFire    + + .     SeeInvis .   H - +8 broad axe (elec)
rCold    + + .     Gourm    .   c - +0 kite shield
rNeg     + . .     Faith    .   J - +10 plate armour {MR+}
rPois    .         Spirit   .   (helmet restricted)
rElec    .         Reflect  +   z - scarf {rC+ rF+}
rCorr    .         Harm     .   O - +1 pair of gloves {Dex+3}
MR       +++..                  g - +2 pair of boots {Fly}
Stlth    ..........             S - amulet of reflection
HPRegen  0.36/turn              b - ring "Boitid" {rF+ rN+ Str+4}
MPRegen  0.16/turn              i - ring "Liytagh" {rC+ MR+ Int+3}

@: berserk cooldown, flying, very slightly contaminated, slowed, lightly
drained, invisible, very slow
A: retaliatory headbutt, horns 2
}: 1/15 runes: barnacled
a: Heroism, Finesse, Renounce Religion, Stop Flying


You were on level 1 of the Elven Halls.
You worshipped Okawaru.
Okawaru was exalted by your worship.
You were not hungry.

You visited 7 branches of the dungeon, and saw 30 of its levels.
You visited the Abyss 2 times.
You also visited: Volcano.

You collected 8473 gold pieces.
You spent 1886 gold pieces at shops.

Inventory:

Hand Weapons
 a - the +10 mace of Eternal Vigilance {vorpal, rN+ MR+}
   (Okawaru gifted it to you on level 2 of the Lair of Beasts)

   It inflicts extra damage upon your enemies.
   It protects you from negative energy.
   It affects your resistance to hostile enchantments.
 H - a +8 broad axe of electrocution (weapon)
 T - the +3 war axe of Flawed Execution {vorpal, +Blink Str+7 Dex-4}
   (Okawaru gifted it to you on level 13 of the Dungeon)

   It inflicts extra damage upon your enemies.
   It affects your strength (+7).
   It affects your dexterity (-4).
   It lets you blink.
Armour
 c - a +0 kite shield (worn)
 d - a +1 pair of gloves of archery
 g - a +2 pair of boots of flying (worn)
 k - a +3 scale mail of positive energy
 p - a +0 tower shield
 w - a +2 ring mail of cold resistance
 y - a +2 chain mail of poison resistance
 z - a scarf of resistance (worn)
 C - a +1 chain mail of fire resistance
 J - a +10 plate armour of magic resistance (worn)
 O - a +1 pair of gloves of dexterity (worn)
 X - a +0 cloak of poison resistance
Jewellery
 b - the ring "Boitid" (left hand) {rF+ rN+ Str+4}
   (You found it on level 9 of the Dungeon)

   [ring of positive energy]

   It affects your strength (+4).
   It protects you from fire.
   It protects you from negative energy.
 i - the ring "Liytagh" (right hand) {rC+ MR+ Int+3}
   (You bought it in a shop on level 2 of the Orcish Mines)

   [ring of protection from magic]

   It affects your intelligence (+3).
   It protects you from cold.
   It affects your resistance to hostile enchantments.
 q - an uncursed ring of see invisible
 r - an uncursed amulet of guardian spirit
 I - a +6 ring of strength
 K - an uncursed ring of protection from magic
 S - an amulet of reflection (around neck)
Wands
 D - a wand of polymorph (19)
 F - a wand of digging (10)
 V - a wand of flame (39)
 W - a wand of acid (26)
Scrolls
 e - 11 scrolls of remove curse
 m - 6 scrolls of teleportation
 s - a scroll of silence
 u - 2 scrolls of magic mapping
 E - 2 scrolls of identify
 M - 2 scrolls of fog
 N - a scroll of brand weapon
 Q - a scroll of summoning
Potions
 h - a potion of cancellation
 j - a potion of ambrosia
 l - a potion of stabbing
 o - 2 potions of invisibility
 v - a potion of resistance
 A - 6 potions of berserk rage
 Y - 5 potions of might
Comestibles
 f - 33 rations


   Skills:
 + Level 16.5(16.1) Fighting
 + Level 19.3(20.2) Axes
 + Level 13.7(17.7) Maces & Flails
 + Level 16.0(15.6) Armour
 + Level 4.6(4.3) Dodging
 - Level 0.1(0.0) Stealth
 + Level 18.2(17.8) Shields
 + Level 2.8(2.6) Invocations
 + Level 1.1(0.8) Evocations


You had 16 spell levels left.
You didn't know any spells.
Your spell library contained the following spells:

 Spells                   Type           Power        Failure   Level  Hunger
 Animate Skeleton         Necr           N/A          92%         1    ##.....
 Apportation              Tloc           #.....       92%         1    ##.....
 Corona                   Hex            #......      92%         1    ##.....
 Infusion                 Chrm           #...         92%         1    ##.....
 Magic Dart               Conj           #...         92%         1    ##.....
 Summon Small Mammal      Summ           #...         92%         1    ##.....
 Blink                    Tloc           N/A          98%         2    ###....
 Call Imp                 Summ           #.......     98%         2    ###....
 Corpse Rot               Necr/Air       N/A          98%         2    ###....
 Ensorcelled Hibernation  Hex/Ice        #.....       98%         2    ###....
 Shroud of Golubria       Chrm/Tloc      #.....       98%         2    ###....
 Slow                     Hex            #.......     98%         2    ###....
 Song of Slaying          Chrm           #.......     98%         2    ###....
 Sublimation of Blood     Necr           #.........   98%         2    ###....
 Conjure Flame            Conj/Fire      #.......     100%        3    ####...
 Mephitic Cloud           Conj/Pois/Air  #.......     100%        3    ####...
 Ozocubu's Armour         Chrm/Ice       #.......     100%        3    ####...
 Spectral Weapon          Hex/Chrm       #.......     100%        3    ####...
 Cause Fear               Hex            #.........   100%        4    #####..
 Dispel Undead            Necr           #.......     100%        4    #####..
 Agony                    Necr           #.......     100%        5    ######.
 Borgnjor's Vile Clutch   Necr/Erth      #.........   100%        5    ######.
 Excruciating Wounds      Chrm/Necr      #.........   100%        5    ######.
 Silence                  Hex/Air        #.........   100%        5    ######.
 Yara's Violent Unravell  Hex/Tmut       #.........   100%        5    ######.
 Darkness                 Hex            #.........   100%        6    #######
 Shadow Creatures         Summ           N/A          100%        6    #######
 Discord                  Hex            #.........   100%        8    #######


Dungeon Overview and Level Annotations

Branches:
Dungeon (15/15)            Temple (1/1) D:5            Lair (6/6) D:8
 Shoals (4/4) Lair:4        Slime (1/5) Lair:5          Orc (2/2) D:10
    Elf (1/3) Orc:2        Depths (0/5) D:15        Volcano (visited)
  Snake: Lair:2-4    Spider: Lair:2-4    Vaults: D:13-14

Altars:
Ashenzari
Cheibriados
Dithmenos
Elyvilon
Fedhas
Gozag
Hepliaklqana
Kikubaaqudgha
Makhleb
Nemelex Xobeh
Okawaru
Qazlal
Ru
Sif Muna
Trog
Uskayaw
Vehumet
Wu Jian
Xom
Yredelemnul
Zin
The Shining One
Beogh
Jiyva

Shops:
D:15 (   Orc:2 ([*=[


Innate Abilities, Weirdness & Mutations

You reflexively headbutt those who attack you in melee.
You have a pair of horns on your head.


Message History

Things that are here:
a cursed -3 long sword; a +0 leather armour; an elf corpse You feel your anger nearly subside.
You are no longer berserk.
You are exhausted.
You feel yourself slow down.
The deep elf mage shouts!
A kobold demonologist comes into view. It is wielding a +0 dagger.
You reach down and open the door.
The deep elf mage shouts!
The kobold demonologist shouts!
A deep elf mage comes into view.
It is wielding a +2 short sword of holy wrath.
The deep elf mage hits you but does no damage.
Something hits you but does no damage.
Found a glass wand and a wand of flame (19).
You closely miss the deep elf mage. You barely miss something.
You block the deep elf mage's attack.
A deep elf sorcerer comes into view. It is wielding a +0 rapier.
You hear some strange, mumbled words.
A bolt of lightning appears from out of thin air!
The bolt of lightning hits you!!
You die...

# #####/
#.../# .
....# . g
...# #.#.
..#
#..e####'##
#...eKe@.#
#....#.{.#
.##......#
...##..).#
#%....##.)#
###...$.###
#.....
.....##
##.###


You could see a deep elf sorcerer (wandering), 2 deep elf magi and a kobold
demonologist.

Vanquished Creatures
  2 bone dragons
  Jorgrun (D:13)
  Rupert (D:15)
  An acid blob (Slime:1)
  A kraken (Shoals:3)
  A tentacled starspawn (Abyss:3)
  Ilsuiw (Shoals:3)
  Louise (Shoals:4)
  An orc warlord (Orc:2)
  A frost giant (Shoals:4)
  A reaper (Abyss:3)
  A dire elephant (Lair:6)
  A fire dragon (Lair:4)
  4 merfolk javelineers
  Josephine (D:10)
  7 merfolk impalers
  Snorg (Orc:2)
  An ice dragon (Lair:6)
  3 merfolk avatars
  2 rakshasas
  2 centaur warriors
  4 satyrs
  7 hydras
  7 merfolk aquamancers
  2 alligator snapping turtles (Shoals:2)
  2 dancing weapons (Elf:1)
  6 two-headed ogres
  Erica (D:10)
  12 death yaks
  A large abomination (Abyss:3)
  3 tengu warriors
  Urug (D:13)
  2 deep elf knights (Elf:1)
  4 thrashing horrors
  17 sea snakes
  A hell knight (Volcano)
  A glowing orange brain (D:15)
  3 unseen horrors
  5 lindwurms
  3 orc knights
  12 harpies
  2 orc sorcerers (Orc:2)
  11 deep elf magi
  11 ugly things
  2 wolf spiders (Lair:6)
  9 fauns
  14 manticores
  8 cyclopes
  A salamander (shapeshifter) (D:15)
  A wolf spider zombie (D:13)
  12 merfolk sirens
  A black mamba (Lair:1)
  Maurice (D:12)
  2 molten gargoyles (Volcano)
  9 water nymphs
  A gargoyle (D:10)
  9 elephants
  An orange demon (Abyss:4)
  2 smoke demons
  11 spiny frogs
  Maggie (D:7)
  A centaur skeleton (D:13)
  7 torpor snails
  13 rime drakes
  A yaktaur (shapeshifter) (D:15)
  5 komodo dragons
  2 efreet
  A tengu conjurer (D:13)
  A red devil (Volcano)
  A queen bee (D:8)
  7 trolls
  5 wind drakes
  37 merfolk
  3 ancient zymes
  8 hornets
  Prince Ribbit (D:6)
  3 tyrant leeches (Lair:6)
  A hornet (shapeshifter) (D:15)
  A polar bear (Lair:3)
  A wind drake (shapeshifter) (D:15)
  16 blink frogs
  9 raiju
  11 hippogriffs
  15 snapping turtles
  An iron dragon simulacrum (Abyss:4)
  11 dream sheep
  24 slime creatures
  An air elemental (Elf:1)
  Sigmund (D:4)
  A shadow (D:15)
  3 wyverns
  9 wraiths
  28 yaks
  A ynoxinul (Abyss:4)
  2 fire bats (Volcano)
  13 water elementals
  7 basilisks
  4 hungry ghosts
  5 vampire mosquitoes
  2 neqoxecs
  2 chaos spawn (Abyss:4)
  Edmund (D:4)
  10 steam dragons (Lair:4)
  5 acid dragons
  8 wargs
  A soldier ant (D:8)
  5 small abominations
  A floating eye (shapeshifter) (D:15)
  11 water moccasins
  7 porcupines
  4 ice beasts
  5 sky beasts
  45 orc warriors
  4 black bears
  14 ogres
  3 necrophages
  A phantom (D:5)
  2 eyes of draining
  10 wolves
  4 centaurs
  12 crocodiles
  15 bullfrogs
  A big kobold (D:9)
  2 earth elementals (Elf:1)
  A wyvern zombie (D:14)
  5 scorpions
  17 killer bees
  7 wights
  6 howler monkeys
  8 crimson imps
  6 lava snakes (Volcano)
  5 starcursed masses (Abyss:3)
  A bullfrog zombie (D:10)
  5 centaur zombies
  19 orc priests
  8 hounds
  5 jellies
  4 bullfrog skeletons
  7 iguanas
  26 orc wizards
  9 worker ants
  2 hound zombies
  6 gnolls
  13 adders
  3 shadow imps
  2 oozes
  5 adder zombies
  3 adder skeletons
  2 worms
  A dart slug (D:2)
  8 leopard geckos
  103 orcs
  6 bats
  7 giant cockroaches
  11 goblins
  9 hobgoblins
  3 jackals
  8 quokkas
  6 ball pythons
  4 frilled lizards
  16 kobolds
  A leopard gecko zombie (D:7)
  A quokka skeleton (D:6)
  11 rats
  A fungus (Lair:1)
  7 plants
  A starspawn tentacle (Abyss:3)
  2 tentacles (Shoals:3)
1055 creatures vanquished.

Vanquished Creatures (collateral kills)
  A dream sheep (Shoals:4)
1 creature vanquished.

Vanquished Creatures (others)
  An unseen horror (D:14)
  A rime drake (Lair:4)
  9 fungi (Lair:6)
  A lurking horror (Abyss:3)
  14 plants
  A starspawn tentacle (Abyss:3)
  2 tentacles (Shoals:3)
  4 toadstools (D:1)
33 creatures vanquished.

Grand Total: 1089 creatures vanquished

Notes
Turn   | Place    | Note
-------+----------+-------------------------------------------
     0 | D:1      | Fallenstar the Minotaur Fighter began the quest for the
                  | Orb.
     0 | D:1      | Reached XP level 1. HP: 19/19 MP: 0/0
   195 | D:1      | Reached XP level 2. HP: 27/27 MP: 1/1
   941 | D:2      | Reached XP level 3. HP: 27/33 MP: 2/2
  1145 | D:2      | Reached skill level 3 in Axes
  1219 | D:2      | Found a shadowy altar of Dithmenos.
  1444 | D:2      | Reached XP level 4. HP: 29/40 MP: 3/3
  2220 | D:3      | Reached skill level 4 in Axes
  2276 | D:3      | Found a glowing silver altar of Zin.
  2465 | D:3      | Found a blossoming altar of Fedhas.
  2548 | D:3      | Reached XP level 5. HP: 47/47 MP: 4/4
  2907 | D:4      | Found a burning altar of Makhleb.
  3064 | D:4      | Found a bloodstained altar of Trog.
  3069 | D:4      | Reached skill level 5 in Armour
  3069 | D:4      | Reached skill level 5 in Shields
  3069 | D:4      | Reached XP level 6. HP: 39/53 MP: 3/5
  3102 | D:4      | Reached skill level 5 in Axes
  3231 | D:4      | Found a basalt altar of Yredelemnul.
  3291 | D:4      | Reached skill level 5 in Fighting
  3365 | D:4      | Noticed Sigmund
  3366 | D:4      | Noticed Edmund
  3437 | D:4      | Found a hazy altar of Hepliaklqana.
  3490 | D:4      | Reached XP level 7. HP: 61/61 MP: 6/6
  3644 | D:4      | Killed Sigmund
  3644 | D:4      | Reached skill level 6 in Axes
  3736 | D:4      | Killed Edmund
  3871 | D:5      | Entered Level 5 of the Dungeon
  3938 | D:5      | Found a staircase to the Ecumenical Temple.
  3945 | Temple   | Entered the Ecumenical Temple
  4025 | Temple   | Became a worshipper of Warmaster Okawaru
  4267 | D:5      | Reached XP level 8. HP: 54/70 MP: 4/7
  4277 | D:5      | Reached skill level 7 in Axes
  4987 | D:6      | Reached * piety under Okawaru
  5183 | D:6      | Noticed Prince Ribbit
  5317 | D:6      | Reached skill level 8 in Axes
  5418 | D:6      | Reached XP level 9. HP: 79/79 MP: 8/8
  5611 | D:6      | Killed Prince Ribbit
  5611 | D:6      | Reached ** piety under Okawaru
  5902 | D:7      | Reached skill level 9 in Axes
  5906 | D:7      | Found a shimmering altar of Xom.
  5940 | D:7      | Noticed a two-headed ogre
  5958 | D:7      | Killed a two-headed ogre
  5958 | D:7      | Reached *** piety under Okawaru
  6652 | D:7      | Reached skill level 10 in Axes
  6652 | D:7      | Reached skill level 10 in Armour
  6970 | D:7      | Noticed Maggie
  6980 | D:7      | Killed Maggie
  6980 | D:7      | Reached skill level 1 in Maces & Flails
  6980 | D:7      | Reached skill level 1 in Dodging
  6980 | D:7      | Reached XP level 10. HP: 54/90 MP: 5/9
  7570 | D:8      | Reached **** piety under Okawaru
  7573 | D:8      | Received a gift from Okawaru
  8098 | D:8      | Noticed a two-headed ogre
  8104 | D:8      | Reached skill level 5 in Maces & Flails
  8117 | D:8      | Killed a two-headed ogre
  8152 | D:8      | Noticed a manticore
  8170 | D:8      | Killed a manticore
  8180 | D:8      | Got an ichor-stained great sword
  8348 | D:8      | Identified the +6 great sword of the Orange Skies {vamp,
                  | MR+ Int+3} (You found it on level 8 of the Dungeon)
  8411 | D:8      | Noticed a death yak
  8412 | D:8      | Found a staircase to the Lair.
  8579 | D:8      | Killed a death yak
  8579 | D:8      | Reached ***** piety under Okawaru
  8579 | D:8      | Reached XP level 11. HP: 43/97 MP: 6/10
  9715 | D:8      | Reached skill level 1 in Invocations
 10067 | D:9      | Got a crude granite ring
 10313 | D:9      | Found a white marble altar of Elyvilon.
 10766 | D:9      | Found a shimmering blue altar of Sif Muna.
 10807 | D:9      | Identified the ring "Boitid" {rF+ rN+ Str+4} (You found it
                  | on level 9 of the Dungeon)
 10847 | D:10     | Entered Level 10 of the Dungeon
 11185 | D:10     | Noticed Josephine
 11197 | D:10     | Killed Josephine
 11197 | D:10     | Reached skill level 10 in Maces & Flails
 11296 | D:10     | Noticed a centaur warrior
 11312 | D:10     | Killed a centaur warrior
 11312 | D:10     | Received a gift from Okawaru
 11439 | D:10     | Reached skill level 10 in Shields
 11557 | D:10     | Found a staircase to the Orcish Mines.
 11726 | D:10     | Reached skill level 10 in Fighting
 12011 | D:10     | Reached ****** piety under Okawaru
 12543 | D:11     | Noticed a two-headed ogre
 12549 | D:11     | Killed a two-headed ogre
 12558 | D:11     | Noticed a green ugly thing
 12576 | D:11     | Killed a green ugly thing
 12576 | D:11     | Reached XP level 12. HP: 98/106 MP: 10/12
 12791 | D:11     | Noticed a two-headed ogre
 12799 | D:11     | Killed a two-headed ogre
 13465 | D:12     | Noticed Maurice
 13474 | D:12     | Killed Maurice
 13873 | Orc:1    | Entered Level 1 of the Orcish Mines
 13884 | Orc:1    | Noticed an orc warlord
 13886 | Orc:1    | Noticed Erica
 14274 | D:10     | Killed Erica
 14625 | Orc:1    | Received a gift from Okawaru
 15094 | Orc:1    | Found a roughly hewn altar of Beogh.
 15177 | Orc:2    | Entered Level 2 of the Orcish Mines
 15367 | Orc:2    | Found a staircase to the Elven Halls.
 15718 | Orc:2    | Found a roughly hewn altar of Beogh.
 15990 | Orc:2    | Received a gift from Okawaru
 15999 | Orc:2    | Reached skill level 11 in Axes
 16007 | Orc:2    | Identified a scroll of acquirement
 16007 | Orc:2    | Acquired 1580 gold pieces
 16065 | Orc:2    | Noticed an orc warlord
 16081 | Orc:2    | Killed an orc warlord
 16081 | Orc:2    | Reached XP level 13. HP: 80/116 MP: 13/13
 16275 | Orc:2    | Found Leqadghu's Antique Armour Emporium.
 16276 | Orc:2    | Found a roughly hewn altar of Beogh.
 16277 | Orc:2    | Found Fomul's Antique Weapon Shoppe.
 16290 | Orc:2    | Bought a pair of runed boots for 232 gold pieces
 16366 | Orc:2    | Noticed Snorg
 16386 | Orc:2    | Killed Snorg
 16617 | Orc:2    | Found Tiwyhinu's Jewellery Shoppe.
 16631 | Orc:2    | Bought the ring "Liytagh" {rC+ MR+ Int+3} for 634 gold
                  | pieces
 16681 | Orc:2    | Found a roughly hewn altar of Beogh.
 16725 | Orc:2    | Found a roughly hewn altar of Beogh.
 16784 | Orc:2    | Found Jilok's Antique Armour Shoppe.
 16855 | Orc:2    | Found a roughly hewn altar of Beogh.
 16901 | Orc:2    | Found a roughly hewn altar of Beogh.
 16962 | Orc:2    | Found Xaiser's Assorted Antiques.
 16967 | Orc:2    | Bought a scroll of acquirement for 884 gold pieces
 16967 | Orc:2    | Bought 2 potions of curing for 102 gold pieces
 16967 | Orc:2    | Bought a scroll of identify for 34 gold pieces
 16967 | Orc:2    | Acquired 1240 gold pieces
 17161 | Orc:2    | Found a roughly hewn altar of Beogh.
 17259 | Lair:1   | Entered Level 1 of the Lair of Beasts
 17327 | Lair:1   | Reached skill level 12 in Axes
 17449 | Lair:1   | Received a gift from Okawaru
 18821 | Lair:2   | Received a gift from Okawaru
 18822 | Lair:2   | Got an iridescent mace {god gift}
 18823 | Lair:2   | Identified the +10 mace of Eternal Vigilance {vorpal, rN+
                  | MR+} (Okawaru gifted it to you on level 2 of the Lair of
                  | Beasts)
 18928 | Lair:3   | Reached skill level 13 in Axes
 19736 | Lair:4   | Found a staircase to the Shoals.
 19870 | Lair:4   | Found a dark tunnel.
 19879 | Volcano  | Entered a volcano
 20301 | Volcano  | Found a radiant altar of Vehumet.
 20311 | Volcano  | Reached XP level 14. HP: 91/126 MP: 11/14
 20975 | Lair:4   | Received a gift from Okawaru
 21138 | Lair:4   | Reached skill level 14 in Axes
 22097 | Lair:5   | Found a staircase to the Slime Pits.
 22742 | Lair:6   | Entered Level 6 of the Lair of Beasts
 22938 | Lair:6   | Reached skill level 15 in Axes
 23252 | Lair:6   | Received a gift from Okawaru
 23906 | Lair:6   | Found a runed translucent door.
 23930 | Lair:6   | Reached XP level 15. HP: 125/134 MP: 15/15
 25057 | D:13     | Noticed Jorgrun
 25061 | D:13     | Reached skill level 16 in Axes
 25078 | D:13     | Killed Jorgrun
 25548 | D:13     | Noticed Urug
 25561 | D:13     | Killed Urug
 25687 | D:13     | Received a gift from Okawaru
 25688 | D:13     | Got a fading war axe {god gift}
 25689 | D:13     | Identified the +3 war axe of Flawed Execution {vorpal,
                  | +Blink Str+7 Dex-4} (Okawaru gifted it to you on level 13
                  | of the Dungeon)
 26066 | D:14     | Reached skill level 15 in Shields
 26261 | D:14     | You fall into a shaft and drop 1 floor!
 26261 | D:15     | Entered Level 15 of the Dungeon
 26469 | D:15     | Found Lafoghucw's Antique Weapon Shoppe.
 26608 | D:15     | Received a gift from Okawaru
 26665 | D:15     | Noticed Rupert
 26684 | D:15     | Cast into level 3 of the Abyss (Rupert)
 26697 | Abyss:3  | Noticed a bone dragon
 26716 | Abyss:3  | Killed a bone dragon
 26716 | Abyss:3  | Reached skill level 17 in Axes
 26988 | Abyss:3  | Noticed a tentacled starspawn
 27001 | Abyss:3  | Killed a tentacled starspawn
 27008 | D:15     | Escaped the Abyss
 27537 | D:15     | Found a staircase to the Depths.
 27544 | D:15     | Reached XP level 16. HP: 127/146 MP: 16/16
 27859 | D:15     | Killed Rupert
 28352 | Shoals:1 | Entered Level 1 of the Shoals
 28482 | Shoals:1 | Got a jewelled leather armour
 29033 | Shoals:1 | Identified the +3 leather armour of Autotheism {rPois Str+5
                  | Slay-4} (You found it on level 1 of the Shoals)
 29526 | Shoals:2 | Received a gift from Okawaru
 30234 | Shoals:2 | Reached skill level 18 in Axes
 30960 | Shoals:2 | Received a gift from Okawaru
 31264 | Shoals:2 | Found a transporter.
 31276 | Shoals:2 | Found a transporter.
 31565 | Shoals:2 | Acquired 2230 gold pieces
 31773 | Shoals:2 | Reached skill level 15 in Fighting
 31796 | Shoals:2 | Reached skill level 15 in Armour
 32451 | Shoals:3 | Noticed a kraken
 32461 | Shoals:3 | Killed a kraken
 32461 | Shoals:3 | Received a gift from Okawaru
 32609 | Shoals:3 | Noticed Ilsuiw
 32654 | Shoals:3 | Killed Ilsuiw
 33301 | Shoals:3 | Reached XP level 17. HP: 156/156 MP: 17/17
 34013 | Shoals:4 | Entered Level 4 of the Shoals
 35603 | Shoals:4 | Reached skill level 19 in Axes
 35702 | Shoals:4 | Noticed Louise
 35714 | Shoals:4 | Received a gift from Okawaru
 35746 | Shoals:4 | Killed Louise
 35979 | Shoals:4 | Cast into level 3 of the Abyss (unwielding a weapon of
                  | distortion)
 36401 | Abyss:4  | Noticed a bone dragon
 36435 | Abyss:4  | Killed a bone dragon
 36441 | Shoals:4 | Escaped the Abyss
 36888 | Shoals:4 | Got a barnacled rune of Zot
 36992 | Slime:1  | Entered Level 1 of the Pits of Slime
 36992 | Slime:1  | Found a viscous altar of Jiyva.
 36992 | Slime:1  | Noticed an acid blob
 37068 | Slime:1  | Reached skill level 1 in Evocations
 37076 | Slime:1  | Killed an acid blob
 37076 | Slime:1  | Received a gift from Okawaru
 37684 | Elf:1    | Entered Level 1 of the Elven Halls
 37746 | Elf:1    | Noticed a Brimstone Fiend
 37747 | Elf:1    | Noticed a Hell Sentinel
 37755 | Elf:1    | Noticed a Tzitzimitl
 37766 | Elf:1    | HP: 4/159 [Hell Sentinel/damnation[a deep elf demonologist]
                  | (35)]
 37780 | Elf:1    | Killed from afar by a wizard

Illustrated notes

Levels and vault maps discovered:
D:1:      ldierk_water_garden, layout_basic
D:2:      minmay_razor_zed, layout_basic, nicolae_dithmenos_shadow_blocks
D:3:      layout_loops_cross, lemuel_doored_altar, first_ration,
          grunt_decor_one_mirror, fedhas_altar_3
D:4:      layout_rooms, overflow_temple_1_default,
          chequers_temple_overflow_statue_of_worship, marbit_many_paths,
          sigmund_edmund_badplayer
D:5:      layout_loops_cross, minmay_temple_entry_crystal_x
D:6:      layout_loops_ring, uniq_prince_ribbit1
D:7:      layout_basic, xom_teletrap_fun, uniq_maggie
D:8:      minmay_the_grid_triangle_9x9_rhombus_thin
          [minmay_the_grid_triangle_9x9_sparse_checkered,
          minmay_the_grid_triangle_9x9_prize_insulated,
          minmay_the_grid_triangle_9x9_descending_squares,
          minmay_the_grid_triangle_9x9_steps], layout_basic, david_lair_generic
D:9:      layout_loops_cross, old_standard_altar, david_nohive_1,
          minmay_crystal_water, elyvilon_altar_5
D:10:     layout_long_grid, erik_orc_3, minivault_4, uniq_josephine
D:11:     minmay_bubble_buster, layout_irregular_city
D:12:     layout_big_octagon, uniq_maurice
D:13:     minmay_distorted_concentric_squares, layout_irregular_city,
          uniq_jorgrun, uniq_urug
D:14:     layout_basic, david_vaults_4
D:15:     gammafunk_enter_depths_forms, layout_basic, small_statue_intersection,
          serial_shops, shop_statue, uniq_rupert
Temple:   eino_temple_lava
Lair:1:   layout_cave_pods
Lair:2:   layout_misc_corridors, nicolae_spider_entry_orb_guardian,
          minmay_lair_oklob_chamber
Lair:3:   layout_roguey
Lair:4:   layout_small_grid, elwin_shoals_entry_stream,
          nicolae_volcano_entry_vermiform, serial_bayou_pond_a,
          bobbens_dragon_lair_wall
Lair:5:   layout_regular_city, slime_dummy
Lair:6:   wormcave, layout_regular_city, hangedman_lair_in_review
Shoals:1: layout_shoals
Shoals:2: gammafunk_the_bubble [the_bubble_gammafunk_crates], layout_shoals
Shoals:3: layout_shoals, uniq_ilsuiw
Shoals:4: shoals_end_grunt_ice, layout_shoals, uniq_louise
Slime:1:  layout_caves, basic_altar
Orc:1:    layout_caves, serial_shops,
          nicolae_shop_temple_entry_statues_fountains, basic_altar,
          trog_hazing_becter, uniq_erica
Orc:2:    grunt_orc_community_town_hall, layout_diamond_mine,
          grunt_orc_community_big_house_2, grunt_orc_community_big_house_2,
          grunt_orc_community_house_3, grunt_orc_community_house_2,
          grunt_orc_community_house_3, grunt_orc_community_house_3,
          grunt_orc_community_house_1, serial_shops, shop, basic_altar,
          lightli_orcish_oven, uniq_snorg
Elf:1:    layout_loops_cross, kennysheep_underground_church,
          hangedman_elf_disciples

Skill      XL: |  1  2  3  4  5  6  7  8  9 10 11 12 13 14 15 16 17 |
---------------+----------------------------------------------------+-----
Shields        | 4 5 6 7 8 10 11 12 14 15 17 18 | 18.2
Fighting       | 4 5 6 7 8 9 10 11 12 14 15 16 | 16.5
Armour         | 4 5 7 8 10 11 12 13 14 15 16 | 16.0
Axes           | 3 4 5 6 8 10 11 13 15 17 18 19 | 19.3
Maces & Flails | 1 8 11 13 | 13.7
Dodging        | 1 2 3 4 |  4.6
Invocations    | 1 2 |  2.8
Evocations     | 1 |  1.1
Stealth        | |  0.1

Action                   |  1- 3 |  4- 6 |  7- 9 | 10-12 | 13-15 | 16-18 || total
-------------------------+-------+-------+-------+-------+-------+-------++-------
Melee: War axe           |    96 |   148 |   229 |       |       |       ||   473
       Headbutt          |    12 |    29 |    49 |   158 |   297 |   250 ||   795
       Morningstar       |       |       |    16 |   635 |       |       ||   651
       Broad axe         |       |       |       |   127 |   963 |   856 ||  1946
       Eveningstar       |       |       |       |       |    37 |       ||    37
       Mace              |       |       |       |       |     8 |       ||     8
Invok: Heroism           |       |       |     2 |    10 |     5 |     4 ||    21
       Finesse           |       |       |       |       |       |     5 ||     5
 Abil: Stop Flying       |       |       |       |       |     2 |     1 ||     3
       Evoke Flight      |       |       |       |       |     1 |     2 ||     3
Evoke: Wand              |       |       |       |       |       |     1 ||     1
  Use: Scroll            |       |    10 |     2 |    24 |    14 |    19 ||    69
       Potion            |       |     3 |     4 |    10 |     8 |     8 ||    33
 Stab: Distracted        |       |       |       |       |       |     1 ||     1
       Invisible         |       |       |       |       |       |     1 ||     1
  Eat: Chunk             |     2 |     6 |     8 |    13 |    13 |     7 ||    49
       Ration            |       |       |     1 |     6 |     7 |     8 ||    22
Armor: Scale mail        |    59 |    53 |    85 |    19 |       |       ||   216
       Chain mail        |       |       |       |   215 |       |       ||   215
       Plate armour      |       |       |       |    22 |   339 |   337 ||   698
Dodge: Dodged            |    32 |    55 |    69 |   208 |   216 |   183 ||   763
Block: Kite shield       |    48 |    78 |   109 |   574 |   812 |   735 ||  2356
       Reflection        |       |       |       |     2 |    25 |    55 ||    82
